 Dungeon Crawl Stone Soup version 0.26.0-16-gc1dbca0489 (webtiles) character file.

Game seed: 13394444472953679981

70 SturgillTurtle the Firebug (level 4, -6/33 HPs)
             Began as a Draconian Fire Elementalist on Jan 20, 2021.
             Killed from afar by Sigmund (10 damage)
             ... with a puff of flame
             ... on level 2 of the Dungeon.
             The game lasted 00:03:33 (2450 turns).

SturgillTurtle the Firebug (DrFE)                   Turns: 2450, Time: 00:03:33

Health: -6/33      AC:  5    Str: 10    XL:     4   Next: 4%
Magic:  3/8        EV: 12    Int: 16    God:
Gold:   109        SH:  0    Dex: 12    Spells: 7/8 levels left

rFire    x . .     SeeInvis .   i - -3 rapier (curse)
rCold    + . .     Faith    .   (no shield)
rNeg     . . .     Spirit   .   (armour unavailable)
rPois    .         Reflect  .   (helmet restricted)
rElec    .         Harm     .   (no cloak)
rCorr    .         Rampage  .   (no gloves)
Will     .....                  (no boots)
Stlth    ++........             (no amulet)
HPRegen  0.11/turn              c - ring of ice
MPRegen  0.11/turn              (no ring)

@: no status effects
A: unfitting armour, cold-blooded, AC +5
a: no special abilities


You were on level 2 of the Dungeon.
You visited 1 branch of the dungeon, and saw 2 of its levels.

You collected 109 gold pieces.

Inventory:

Hand Weapons
 a - a +0 hand axe
 i - a cursed -3 rapier (weapon)
Jewellery
 c - a ring of ice (left hand)
 g - an uncursed ring of poison resistance {unknown}
Scrolls
 b - 3 scrolls of identify {unknown}
 d - a scroll of teleportation {unknown}
 f - a scroll of fear {unknown}
 h - a scroll of remove curse {unknown}
 j - a scroll of amnesia {unknown}
Potions
 e - 3 potions of degeneration {unknown}
 k - 2 potions of invisibility {unknown}


   Skills:
 - Level 1.8 Dodging
 - Level 1.9 Stealth
 + Level 2.8 Spellcasting
 + Level 1.9 Conjurations
 + Level 3.9 Fire Magic


You had 7 spell levels left.
You knew the following spells:

 Your Spells              Type           Power        Failure   Level
a - Foxfire               Conj/Fire      44%          6%          1

Your spell library contained the following spells:

 Spells                   Type           Power        Failure   Level
 Conjure Flame            Conj/Fire      11%          17%         3
 Inner Flame              Hex/Fire       8%           26%         3
 Sticky Flame             Conj/Fire      11%          50%         4
 Fireball                 Conj/Fire      5%           85%         5


Dungeon Overview and Level Annotations

Branches:
Dungeon (2/15)

Altars:
Elyvilon

Annotations:
D:2 Sigmund


Innate Abilities, Weirdness & Mutations

Your plain brown scales are hard. (AC +5)
You cannot fit into any form of body armour.
You are cold-blooded and may be slowed by cold attacks.


Message History

Deactivating autopickup; reactivate with Ctrl-A.
You conjure some foxfire!
You conjure some foxfire!
The foxfire hits something.
You conjure some foxfire!
The foxfire hits something. x2
You barely miss something. Something hits you.
You barely miss something. Something hits you!
You closely miss something. Something hits you!
* * * LOW HITPOINT WARNING * * *
Your foxfire dissipates!
You hear some strange, mumbled words.
A puff of flame appears from out of thin air!
The puff of flame hits you! The fire burns you terribly!
* * * LOW HITPOINT WARNING * * *
Found 13 gold pieces.
You see here 13 gold pieces.
Something tries to affect you, but you resist.
Something tries to affect you, but you resist.
A puff of flame appears from out of thin air!
The puff of flame hits you! The fire burns you terribly!
You die...

####.........# #....#
#... ...#.........#
#$#### ##########
...#..†......# #r#
#.........
...#.........# #{#
#.########
...+.........# #.#
#.#######.
...#........##.#.#
#.......'(
...............#.#
#########†
########.........# ##
...#####...#....@#
......####.#.###......+
......# .# ..#.####
......# # ...#.#
......# ##### # ......#
......# ......# ......#


You could see a quokka.

Vanquished Creatures
  2 adders (D:2)
  A worm (D:2)
  3 dart slugs
  A leopard gecko (D:1)
  7 bats
  2 giant cockroaches (D:2)
  5 goblins (D:1)
  6 hobgoblins
  2 jackals (D:2)
  5 kobolds
  3 frilled lizards
  5 rats
42 creatures vanquished.

Vanquished Creatures (others)
  173 foxfires
173 creatures vanquished.

Grand Total: 215 creatures vanquished

Notes
Turn   | Place    | Note
-------+----------+-------------------------------------------
     0 | D:1      | SturgillTurtle the Draconian Fire Elementalist began the
                  | quest for the Orb.
     0 | D:1      | Reached XP level 1. HP: 14/14 MP: 3/3
   356 | D:1      | Reached XP level 2. HP: 20/20 MP: 0/5
  1360 | D:2      | Reached XP level 3. HP: 26/26 MP: 1/6
  1878 | D:2      | Found a white marble altar of Elyvilon.
  2419 | D:2      | Noticed Sigmund
  2424 | D:2      | Reached XP level 4. HP: 33/33 MP: 3/8
  2450 | D:2      | Killed from afar by Sigmund

Illustrated notes

Levels and vault maps discovered:
D:1:      amcnicky_arrival_flooded_fountain, layout_basic
D:2:      minmay_wonky_spiral, layout_basic, lemuel_crystal_altar, uniq_sigmund

Action                   |  1- 3 |  4- 6 || total
-------------------------+-------+-------++-------
Melee: Unarmed           |     1 |       ||     1
       Hand axe          |    15 |       ||    15
       Tailslap          |     2 |       ||     2
       Rapier            |       |     3 ||     3
 Cast: Foxfire           |   119 |     3 ||   122
Armor: Skin              |     6 |       ||     6
Dodge: Dodged            |    21 |       ||    21
